General information
- name: BNet
- type: Ladder team game (AT/RT)
- host: Battle.net
- saver: 124761247648914
map: Slalom
- players: 8
- length: 19:52
- speed: Fast
- version: 1.26 W3XP
- replay type: Public
» download(120 KB)
Players
team 1 (winner)
ooooooo7 (
purple | 29 APM | 585 actions | 19:52)
7 Blademaster
3 Wind Walk
2 Mirror Image
1 Bladestorm
1 Critical Strike
» actions
| Basic commands | 51 | |
| Build / train | 64 | |
| Enter build submenu | 27 | |
| Enter hero's abilities submenu | 7 | |
| Give item / drop item | 2 | |
| Right click | 130 | |
| Select / deselect | 267 | |
| Use ability | 37 | |
585 total
» units
| Peon | 15 | |
| Wind Rider | 12 | |
| Shaman | 4 | |
| Demolisher | 3 | |
34 total
» upgrades
| Ranged Weapons | 3 | |
| Armor | 3 | |
| Reinforced Defenses | 1 | |
| Envenomed Spears | 1 | |
| Spiked Barricades | 1 | |
| Shaman Training | 2 | |
| Troll Regeneration | 1 | |
| Berserker Upgrade | 1 | |
| Burning Oil | 1 | |
14 total
» buildings
| Altar of Storms | 1 | |
| Orc Burrow | 8 | |
| War Mill | 1 | |
| Barracks | 2 | |
| Voodoo Lounge | 1 | |
| Stronghold | 1 | |
| Watch Tower | 6 | |
| Beastiary | 2 | |
| Great Hall | 1 | |
| Fortress | 1 | |
| Spirit Lodge | 1 | |
25 total
» build order
00:23 Altar of Storms
00:37 Orc Burrow
00:54 War Mill
01:07 Barracks
01:53 Orc Burrow
02:08 Voodoo Lounge
02:52 Stronghold
03:22 Orc Burrow
03:32 Watch Tower
03:54 Watch Tower
04:22 Orc Burrow
05:20 Beastiary
05:32 Beastiary
05:53 Orc Burrow
09:30 Great Hall
09:35 Orc Burrow
09:40 Watch Tower
09:43 Fortress
10:30 Watch Tower
11:18 Watch Tower
11:24 Watch Tower
11:49 Spirit Lodge
12:01 Orc Burrow
12:57 Orc Burrow
19:35 Barracks
» items
| Healing Salve | 2 | |
| Scroll of Speed | 1 | |
| Orb of Lightning | 1 | |
| Potion of Healing | 1 | |
5 total
124761247648914 (
teal | 73 APM | 1444 actions | 19:52)
6 Archmage
3 Summon Water Elemental
2 Brilliance Aura
1 Mass Teleport
» actions
| Assign group hotkey | 23 | |
| Basic commands | 27 | |
| Build / train | 87 | |
| Enter build submenu | 28 | |
| Enter hero's abilities submenu | 6 | |
| Give item / drop item | 4 | |
| Remove unit from queue | 4 | |
| Right click | 478 | |
| Select / deselect | 416 | |
| Select group hotkey | 320 | |
| Use ability | 51 | |
1444 total
» units
| Peasant | 18 | |
| Footman | 6 | |
| Rifleman | 5 | |
| Dragonhawk Rider | 7 | |
| Gryphon Rider | 3 | |
| Knight | 3 | |
42 total
» upgrades
| Swords | 3 | |
| Defend | 1 | |
| Gunpowder | 1 | |
| Armor | 2 | |
| Lumber Harvesting | 2 | |
| Long Rifles | 1 | |
| Animal War Training | 1 | |
| Masonry | 3 | |
| Backpack | 1 | |
| Storm Hammers | 1 | |
| Cloud | 1 | |
| Plating | 1 | |
18 total
» buildings
| Altar of Kings | 1 | |
| Farm | 7 | |
| Barracks | 1 | |
| Arcane Vault | 2 | |
| Blacksmith | 1 | |
| Keep | 3 | |
| Town Hall | 2 | |
| Lumber Mill | 1 | |
| Gryphon Aviary | 2 | |
| Scout Tower | 3 | |
| Guard Tower | 2 | |
| Castle | 1 | |
26 total
» build order
00:05 Altar of Kings
00:07 Farm
00:25 Barracks
01:20 Farm
01:41 Arcane Vault
01:53 Blacksmith
02:18 Farm
03:15 Farm
03:44 Keep
03:44 Keep
03:44 Keep
06:19 Town Hall
06:33 Farm
06:37 Lumber Mill
07:43 Gryphon Aviary
08:09 Arcane Vault
08:24 Gryphon Aviary
08:45 Scout Tower
09:12 Guard Tower
11:08 Castle
11:29 Town Hall
12:34 Scout Tower
14:06 Guard Tower
16:48 Farm
16:55 Farm
18:11 Scout Tower
» items
| Boots of Speed | 1 | |
| Periapt of Vitality | 1 | |
| Scroll of Regeneration | 4 | |
| Scroll of Town Portal | 1 | |
7 total
buffkock (
blue | 44 APM | 871 actions | 19:52)
5 Mountain King
3 Storm Bolt
2 Thunder Clap
5 Paladin
2 Holy Light
2 Divine Shield
1 Devotion Aura
» actions
| Basic commands | 15 | |
| Build / train | 96 | |
| Enter build submenu | 18 | |
| Enter hero's abilities submenu | 10 | |
| Remove unit from queue | 1 | |
| Right click | 443 | |
| Select / deselect | 243 | |
| Use ability | 45 | |
871 total
» units
| Peasant | 19 | |
| Mortar Team | 3 | |
| Siege Engine | 19 | |
| Priest | 4 | |
45 total
» upgrades
| Lumber Harvesting | 2 | |
| Gunpowder | 3 | |
| Plating | 2 | |
| Barrage | 1 | |
| Masonry | 2 | |
| Fragmentation Shards | 1 | |
| Armor | 1 | |
| Priest Training | 1 | |
13 total
» buildings
| Keep | 2 | |
| Altar of Kings | 1 | |
| Blacksmith | 1 | |
| Lumber Mill | 1 | |
| Farm | 11 | |
| Castle | 2 | |
| Workshop | 3 | |
| Town Hall | 1 | |
| Scout Tower | 5 | |
| Guard Tower | 1 | |
| Arcane Sanctum | 1 | |
29 total
» build order
01:53 Keep
01:53 Keep
02:01 Altar of Kings
02:14 Blacksmith
02:29 Lumber Mill
03:02 Farm
03:03 Farm
03:05 Farm
04:48 Castle
04:48 Castle
05:19 Farm
05:26 Workshop
05:38 Workshop
05:41 Farm
05:42 Farm
06:41 Farm
06:42 Farm
07:15 Workshop
07:23 Farm
07:23 Farm
07:25 Farm
10:30 Town Hall
10:54 Scout Tower
10:57 Scout Tower
11:00 Scout Tower
11:01 Scout Tower
11:02 Scout Tower
14:19 Guard Tower
16:53 Arcane Sanctum
» items
| Scroll of Regeneration | 1 | |
| Scroll of Town Portal | 1 | |
| Potion of Lesser Invulnerability | 1 | |
| Scroll of Healing | 1 | |
| Scroll of Protection | 1 | |
5 total
Aryan.Umpa (
green | 50 APM | 985 actions | 19:52)
6 Goblin Tinker
3 Pocket Factory
2 Engineering Upgrade
1 Robo-Goblin
» actions
| Assign group hotkey | 41 | |
| Basic commands | 103 | |
| Build / train | 61 | |
| ESC pressed | 12 | |
| Enter build submenu | 31 | |
| Enter hero's abilities submenu | 6 | |
| Right click | 275 | |
| Select / deselect | 190 | |
| Select group hotkey | 203 | |
| Use ability | 63 | |
985 total
» units
| Peasant | 15 | |
| Rifleman | 12 | |
| Gryphon Rider | 6 | |
33 total
» upgrades
| Gunpowder | 4 | |
| Storm Hammers | 1 | |
| Armor | 2 | |
| Long Rifles | 1 | |
| Lumber Harvesting | 1 | |
| Animal War Training | 1 | |
10 total
» buildings
| Blacksmith | 1 | |
| Barracks | 1 | |
| Farm | 15 | |
| Altar of Kings | 1 | |
| Arcane Vault | 3 | |
| Keep | 1 | |
| Lumber Mill | 1 | |
| Town Hall | 1 | |
| Castle | 1 | |
| Gryphon Aviary | 2 | |
| Scout Tower | 9 | |
| Arcane Tower | 2 | |
| Guard Tower | 4 | |
42 total
» build order
00:05 Blacksmith
00:07 Barracks
00:28 Farm
01:34 Altar of Kings
02:05 Farm
02:28 Arcane Vault
02:30 Arcane Vault
03:09 Farm
03:23 Farm
04:10 Keep
04:30 Lumber Mill
04:37 Farm
05:38 Town Hall
06:31 Castle
07:42 Gryphon Aviary
07:44 Gryphon Aviary
07:52 Farm
07:53 Farm
08:20 Arcane Vault
08:58 Scout Tower
09:00 Scout Tower
09:01 Scout Tower
09:06 Scout Tower
09:09 Scout Tower
09:15 Scout Tower
09:16 Scout Tower
09:25 Arcane Tower
09:28 Scout Tower
10:09 Farm
10:11 Farm
10:12 Farm
10:18 Guard Tower
10:19 Arcane Tower
10:20 Guard Tower
10:21 Guard Tower
10:25 Scout Tower
10:30 Farm
10:35 Farm
10:36 Farm
10:38 Farm
11:33 Guard Tower
14:24 Farm
» items
team 2 (loser)

»
eluzion123 (
pink | 36 APM | 704 actions | 19:48)
4 Goblin Alchemist
2 Acid Bomb
2 Chemical Rage
4 Shadow Hunter
2 Healing Wave
2 Hex
» actions
| Assign group hotkey | 7 | |
| Basic commands | 25 | |
| Build / train | 67 | |
| Enter build submenu | 20 | |
| Enter hero's abilities submenu | 8 | |
| Right click | 127 | |
| Select / deselect | 200 | |
| Select group hotkey | 195 | |
| Use ability | 55 | |
704 total
» units
| Peon | 15 | |
| Tauren | 8 | |
| Troll Witch Doctor | 8 | |
| Shaman | 9 | |
40 total
» upgrades
| Armor | 2 | |
| Melee Weapons | 3 | |
| Shaman Training | 2 | |
| Witch Doctor Training | 2 | |
| Pulverize | 1 | |
10 total
» buildings
| Altar of Storms | 1 | |
| Orc Burrow | 10 | |
| Voodoo Lounge | 1 | |
| War Mill | 1 | |
| Stronghold | 1 | |
| Fortress | 1 | |
| Spirit Lodge | 3 | |
| Tauren Totem | 1 | |
| Great Hall | 2 | |
21 total
» build order
00:07 Altar of Storms
00:11 Orc Burrow
00:25 Voodoo Lounge
01:15 War Mill
02:50 Stronghold
03:21 Orc Burrow
04:26 Orc Burrow
05:13 Fortress
05:18 Spirit Lodge
05:22 Spirit Lodge
05:37 Spirit Lodge
06:43 Orc Burrow
07:46 Tauren Totem
09:10 Great Hall
09:25 Orc Burrow
11:29 Orc Burrow
12:30 Orc Burrow
15:33 Great Hall
15:41 Orc Burrow
16:19 Orc Burrow
17:17 Orc Burrow
» items
| Healing Salve | 2 | |
| Lesser Clarity Potion | 2 | |
| Scroll of Town Portal | 1 | |
5 total
btingu (
yellow | 40 APM | 788 actions | 19:42)
2 Blood Mage
1 Flame Strike
1 Siphon Mana
1 Paladin
1 Holy Light
» actions
| Basic commands | 81 | |
| Build / train | 73 | |
| ESC pressed | 5 | |
| Enter build submenu | 27 | |
| Enter hero's abilities submenu | 4 | |
| Remove unit from queue | 7 | |
| Right click | 246 | |
| Select / deselect | 294 | |
| Use ability | 51 | |
788 total
» units
| Peasant | 14 | |
| Mortar Team | 6 | |
| Siege Engine | 21 | |
41 total
» upgrades
| Gunpowder | 3 | |
| Lumber Harvesting | 2 | |
| Flare | 1 | |
| Masonry | 1 | |
| Fragmentation Shards | 1 | |
| Barrage | 1 | |
| Plating | 1 | |
10 total
» buildings
| Altar of Kings | 1 | |
| Farm | 9 | |
| Lumber Mill | 2 | |
| Keep | 3 | |
| Blacksmith | 1 | |
| Scout Tower | 7 | |
| Arcane Tower | 2 | |
| Guard Tower | 2 | |
| Workshop | 4 | |
| Castle | 2 | |
| Town Hall | 2 | |
35 total
» build order
00:59 Altar of Kings
01:03 Farm
01:34 Lumber Mill
01:48 Farm
02:36 Lumber Mill
03:41 Keep
04:15 Blacksmith
04:18 Scout Tower
04:21 Scout Tower
05:03 Arcane Tower
05:03 Arcane Tower
05:13 Scout Tower
05:32 Scout Tower
05:45 Guard Tower
06:04 Workshop
06:07 Workshop
06:13 Workshop
06:15 Workshop
06:24 Farm
06:29 Farm
06:34 Farm
06:43 Castle
07:03 Keep
07:03 Keep
07:50 Farm
07:51 Farm
07:53 Farm
07:53 Farm
10:37 Town Hall
10:56 Castle
11:11 Scout Tower
11:12 Scout Tower
11:13 Scout Tower
12:56 Guard Tower
15:33 Town Hall
walmartpimp (
red | 75 APM | 1489 actions | 19:51)
5 Archmage
2 Summon Water Elemental
3 Brilliance Aura
» actions
| Assign group hotkey | 24 | |
| Basic commands | 43 | |
| Build / train | 88 | |
| Enter build submenu | 37 | |
| Enter hero's abilities submenu | 5 | |
| Give item / drop item | 1 | |
| Right click | 346 | |
| Select / deselect | 175 | |
| Select group hotkey | 701 | |
| Use ability | 69 | |
1489 total
» units
| Peasant | 25 | |
| Rifleman | 5 | |
| Gryphon Rider | 8 | |
| Knight | 6 | |
44 total
» upgrades
| Gunpowder | 2 | |
| Armor | 3 | |
| Lumber Harvesting | 3 | |
| Swords | 5 | |
| Plating | 2 | |
| Animal War Training | 1 | |
| Storm Hammers | 1 | |
| Masonry | 1 | |
18 total
» buildings
| Altar of Kings | 2 | |
| Farm | 24 | |
| Barracks | 4 | |
| Blacksmith | 2 | |
| Lumber Mill | 2 | |
| Keep | 1 | |
| Town Hall | 1 | |
| Scout Tower | 10 | |
| Guard Tower | 6 | |
| Castle | 1 | |
| Gryphon Aviary | 3 | |
| Arcane Vault | 1 | |
57 total
» build order
00:20 Altar of Kings
00:36 Farm
00:37 Farm
01:14 Barracks
01:52 Blacksmith
02:05 Farm
02:07 Farm
04:36 Lumber Mill
04:46 Farm
04:47 Farm
04:48 Farm
05:37 Keep
06:31 Farm
06:35 Lumber Mill
07:07 Town Hall
07:20 Farm
07:30 Scout Tower
07:31 Scout Tower
07:33 Scout Tower
07:34 Scout Tower
07:38 Scout Tower
07:40 Scout Tower
07:42 Scout Tower
08:09 Guard Tower
08:17 Blacksmith
08:22 Altar of Kings
08:28 Farm
08:29 Farm
08:30 Farm
09:05 Castle
09:17 Guard Tower
09:44 Guard Tower
11:00 Scout Tower
11:01 Scout Tower
11:02 Scout Tower
11:15 Farm
11:16 Farm
11:17 Farm
11:18 Farm
11:19 Farm
11:20 Farm
11:21 Farm
11:42 Gryphon Aviary
11:58 Guard Tower
12:03 Gryphon Aviary
12:05 Guard Tower
12:12 Gryphon Aviary
12:33 Barracks
12:36 Barracks
12:41 Barracks
13:27 Arcane Vault
13:49 Guard Tower
16:32 Farm
17:28 Farm
17:29 Farm
17:31 Farm
17:32 Farm
» items
| Scroll of Town Portal | 1 | |
| Orb of Fire | 1 | |
| Lesser Clarity Potion | 1 | |
| Potion of Healing | 1 | |
| Scroll of Regeneration | 1 | |
5 total
spry (
orange | 3 APM | 10 actions | 03:47)
» actions
| Basic commands | 2 | |
| Right click | 1 | |
| Select / deselect | 5 | |
| Use ability | 2 | |
10 total
Chat log
(03:53 / Allies) Aryan.Umpa: rush?
(03:57 / Allies) 124761247648914: this isn't a rush map
(04:07 / Allies) 124761247648914: wtf you doing
(06:35 / Allies) Aryan.Umpa: going griffs
(06:45 / Allies) 124761247648914: dhawks
(06:49 / Allies) 124761247648914: for me
(06:51 / Allies) buffkock: going tanks
(12:44 / Allies) 124761247648914: don't attack alone
(15:45 / All) 124761247648914: nice tanks
(18:44 / Allies) Aryan.Umpa: gogo
(19:34 / All) 124761247648914: gg
(19:39 / All) btingu: gg
(19:44 / All) Aryan.Umpa: gg